PL
BUCKHEAD BOWTIES @ GRAFTON MIDDIES
09/04/2020
 
TOP OF THE 1ST
Buckhead Bowties batting - Pitching for Grafton Middies : RHP Vern Camp
Pitching: RHP Vern Camp
Batting: RHB Dave King 0-0: Ball
1-0: Foul Ball, location: 2F
1-1: Foul Ball, location: 2F
1-2: Ball
2-2: Ball
3-2: Ground out 4-3 (Groundball, 4)
Batting: LHB Neil Lawson 0-0: Called Strike
0-1: Ball
1-1: Reached on error, E4 (Groundball, 4)
Batting: RHB John Downing 0-0: Swinging Strike
0-1: Ball
1-1: Foul Ball, location: 2F
1-2: Ball
2-2: Ball
3-2: 2-RUN HOME RUN (Line Drive, 78XD), Distance : 429 ft
Batting: LHB Tony Martínez 0-0: Called Strike
0-1: SINGLE (Flyball, 9S)
Batting: RHB Gabriel Rodríguez 0-0: Fielders Choice at 2nd, 6-4 (Groundball, 6M)
Batting: RHB Aurelio Vázquez 0-0: Ball
1-0: Foul Ball, location: 2F
1-1: Ground out 5-3 (Groundball, 56S)
Top of the 1st over - 2 run(s), 2 hit(s), 1 error(s), 1 left on base; Buckhead 2 - Grafton 0
BOTTOM OF THE 1ST
Grafton Middies batting - Pitching for Buckhead Bowties : LHP Manuel Rojas
Pitching: LHP Manuel Rojas
Batting: RHB Raúl Robles 0-0: Foul Ball, location: 2F
0-1: Ball
1-1: Foul Ball, location: 2F
1-2: Ball
2-2: Foul Ball, location: 2F
2-2: Ball
3-2: Foul Ball, location: 2F
3-2: Fly out, F9 (Flyball, 9M)
Batting: RHB Wes Bradley 0-0: Called Strike
0-1: Ball
1-1: Foul Ball, location: 2F
1-2: Foul Ball, location: 2F
1-2: Ball
2-2: Ball
3-2: Base on Balls
Batting: RHB Iván Vargas 0-0: Ball
1-0: Foul Ball, location: 2F
1-1: Ball
2-1: Foul Ball, location: 2F
2-2: Ground out 5-3 (Groundball, 5S)
Wes Bradley to second
Batting: RHB Pedro Orozco 0-0: Swinging Strike
0-1: Ground out 4-3 (Groundball, 4)
Bottom of the 1st over - 0 run(s), 0 hit(s), 0 error(s), 1 left on base; Buckhead 2 - Grafton 0
TOP OF THE 2ND
Buckhead Bowties batting - Pitching for Grafton Middies : RHP Vern Camp
Batting: RHB Pedro Morales 0-0: Ball
1-0: Foul Ball, location: 2F
1-1: Ball
2-1: Ball
3-1: Ground out 6-3 (Groundball, 6M)
Batting: RHB Domingo García 0-0: Ball
1-0: Foul Ball, location: 2F
1-1: DOUBLE (Line Drive, 78D)
Batting: SHB Manuel Rojas 0-0: Called Strike
0-1: SINGLE (Line Drive, 78S)
Domingo García to third
Runner from 3rd tries for Home, SAFE, throw made home
Batting: RHB Dave King 0-0: Ball
Wild Pitch!
Manuel Rojas to second
1-0: Ball
2-0: Ball
3-0: TRIPLE (Flyball, 78XD)
Manuel Rojas scores
Batting: LHB Neil Lawson 0-0: Ball
1-0: Ball
2-0: Ball
3-0: Base on Balls
Batting: RHB John Downing 0-0: Ball
1-0: Ball
2-0: Swinging Strike
2-1: Ball
3-1: Foul Ball, location: 2F
3-2: Base on Balls
Neil Lawson to second
Batting: LHB Tony Martínez 0-0: Ball
1-0: Grounds into fielders choice 1-2 (Groundball, 25)
Neil Lawson to third
John Downing to second
Batting: RHB Gabriel Rodríguez 0-0: Swinging Strike
0-1: Foul Ball, location: 2F
0-2: Foul Ball, location: 2F
0-2: Ball
1-2: Strikes out swinging
Top of the 2nd over - 2 run(s), 3 hit(s), 0 error(s), 3 left on base; Buckhead 4 - Grafton 0
BOTTOM OF THE 2ND
Grafton Middies batting - Pitching for Buckhead Bowties : LHP Manuel Rojas
Batting: RHB Nam-sup Yi 0-0: Called Strike
0-1: Ground out 5-3 (Groundball, 56)
Batting: LHB Mathew Rose 0-0: Foul Ball, location: 2F
0-1: Called Strike
0-2: Ball
1-2: Strikes out swinging
Batting: RHB José Álvarez 0-0: Ball
1-0: Fly out, F8 (Line Drive, 8LM)
Bottom of the 2nd over - 0 run(s), 0 hit(s), 0 error(s), 0 left on base; Buckhead 4 - Grafton 0
TOP OF THE 3RD
Buckhead Bowties batting - Pitching for Grafton Middies : RHP Vern Camp
Batting: RHB Aurelio Vázquez 0-0: Called Strike
0-1: Ground out 5-3 (Groundball, 56)
Batting: RHB Pedro Morales 0-0: Called Strike
0-1: Foul Ball, location: 2F
0-2: Ball
1-2: Strikes out swinging
Batting: RHB Domingo García 0-0: Ball
1-0: Foul Ball, location: 2F
1-1: Foul Ball, location: 2F
1-2: Ball
2-2: Strikes out looking
Top of the 3rd over - 0 run(s), 0 hit(s), 0 error(s), 0 left on base; Buckhead 4 - Grafton 0
BOTTOM OF THE 3RD
Grafton Middies batting - Pitching for Buckhead Bowties : LHP Manuel Rojas
Batting: RHB Justin Bingham 0-0: Ball
1-0: Ball
2-0: Ball
3-0: Called Strike
3-1: SINGLE (Line Drive, 9S)
Batting: SHB Vern Camp 0-0: Sac Bunt - play at first, batter OUT! 5-4
Justin Bingham to second
Batting: RHB Raúl Robles 0-0: Ball
1-0: Ball
2-0: Fly out, F4 (Popup, 3L)
Batting: RHB Wes Bradley 0-0: SINGLE (Line Drive, 56D)
Justin Bingham to third
Batting: RHB Iván Vargas 0-0: Called Strike
0-1: Called Strike
0-2: Ball
1-2: Fielders Choice at 2nd, U6 (Groundball, 6M)
Bottom of the 3rd over - 0 run(s), 2 hit(s), 0 error(s), 2 left on base; Buckhead 4 - Grafton 0
TOP OF THE 4TH
Buckhead Bowties batting - Pitching for Grafton Middies : RHP Vern Camp
Batting: SHB Manuel Rojas 0-0: Ball
1-0: Ball
2-0: Ball
3-0: Called Strike
3-1: Base on Balls
Batting: RHB Dave King 0-0: Ball
1-0: Swinging Strike
1-1: Ball
2-1: Foul Ball, location: 2F
2-2: Ball
3-2: Base on Balls
Manuel Rojas to second
Batting: LHB Neil Lawson 0-0: Ball
1-0: Ball
2-0: 3-RUN HOME RUN (Line Drive, 9LD), Distance : 356 ft
Pitching: RHP Paco Vélez
Batting: RHB John Downing 0-0: Called Strike
0-1: Called Strike
0-2: Strikes out looking
Batting: LHB Tony Martínez 0-0: Ball
1-0: Ball
2-0: Called Strike
2-1: Foul Ball, location: 2F
2-2: Strikes out swinging
Batting: RHB Gabriel Rodríguez 0-0: Ball
1-0: Foul Ball, location: 2F
1-1: Called Strike
1-2: Ground out 5-3 (Groundball, 5S)
Top of the 4th over - 3 run(s), 1 hit(s), 0 error(s), 0 left on base; Buckhead 7 - Grafton 0
BOTTOM OF THE 4TH
Grafton Middies batting - Pitching for Buckhead Bowties : LHP Manuel Rojas
Batting: RHB Pedro Orozco 0-0: Called Strike
0-1: Foul Ball, location: 2F
0-2: Strikes out swinging
Batting: RHB Nam-sup Yi 0-0: Ball
1-0: Foul Ball, location: 2F
1-1: Ball
2-1: Foul Ball, location: 2F
2-2: Foul Ball, location: 2F
2-2: Foul Ball, location: 2F
2-2: Ground out 1-3 (Groundball, 13S)
Batting: LHB Mathew Rose 0-0: Foul Ball, location: 2F
0-1: Ground out 4-3 (Groundball, 34)
Bottom of the 4th over - 0 run(s), 0 hit(s), 0 error(s), 0 left on base; Buckhead 7 - Grafton 0
TOP OF THE 5TH
Buckhead Bowties batting - Pitching for Grafton Middies : RHP Paco Vélez
Batting: RHB Aurelio Vázquez 0-0: Ground out 5-3 (Groundball, 5L)
Batting: RHB Pedro Morales 0-0: Ball
1-0: Ball
2-0: Called Strike
2-1: SINGLE (Groundball, 56) (infield hit)
Batting: RHB Domingo García 0-0: Ball
Pedro Morales steals 2nd base
1-0: Foul Ball, location: 2F
1-1: Ground out 5-3 (Groundball, 56)
Batting: SHB Manuel Rojas 0-0: Ball
1-0: Foul Ball, location: 2F
1-1: Ball
2-1: Foul Ball, location: 2F
2-2: Strikes out looking
Top of the 5th over - 0 run(s), 1 hit(s), 0 error(s), 1 left on base; Buckhead 7 - Grafton 0
BOTTOM OF THE 5TH
Grafton Middies batting - Pitching for Buckhead Bowties : LHP Manuel Rojas
Batting: RHB José Álvarez 0-0: Called Strike
0-1: Ball
1-1: Swinging Strike
1-2: Strikes out swinging
Batting: RHB Justin Bingham 0-0: Ball
1-0: Ball
2-0: Called Strike
2-1: Ground out 6-3 (Groundball, 6)
Batting: RHB Paco Vélez 0-0: Ball
1-0: Ground out 6-3 (Groundball, 6)
Bottom of the 5th over - 0 run(s), 0 hit(s), 0 error(s), 0 left on base; Buckhead 7 - Grafton 0
TOP OF THE 6TH
Buckhead Bowties batting - Pitching for Grafton Middies : RHP Paco Vélez
Batting: RHB Dave King 0-0: Foul Ball, location: 2F
0-1: Called Strike
0-2: Strikes out swinging
Batting: LHB Neil Lawson 0-0: Called Strike
0-1: Ball
1-1: Foul Ball, location: 2F
1-2: Strikes out looking
Batting: RHB John Downing 0-0: Ball
1-0: Swinging Strike
1-1: Swinging Strike
1-2: Strikes out swinging
Top of the 6th over - 0 run(s), 0 hit(s), 0 error(s), 0 left on base; Buckhead 7 - Grafton 0
BOTTOM OF THE 6TH
Grafton Middies batting - Pitching for Buckhead Bowties : LHP Manuel Rojas
Batting: RHB Raúl Robles 0-0: Ball
1-0: Hit by Pitch
Batting: RHB Wes Bradley 0-0: Called Strike
0-1: Fly out, F4 (Line Drive, 4M)
Batting: RHB Iván Vargas 0-0: Called Strike
0-1: Ball
1-1: Ball
2-1: Swinging Strike
2-2: Foul Ball, location: 2F
2-2: Ball
3-2: Base on Balls
Raúl Robles to second
Batting: RHB Pedro Orozco 0-0: Foul Ball, location: 2F
0-1: Foul Ball, location: 2F
0-2: Ball
1-2: Strikes out swinging
Batting: RHB Nam-sup Yi 0-0: Ball
1-0: Called Strike
1-1: Foul Ball, location: 2F
1-2: Ground out 1-3 (Groundball, 15S)
Bottom of the 6th over - 0 run(s), 0 hit(s), 0 error(s), 2 left on base; Buckhead 7 - Grafton 0
TOP OF THE 7TH
Buckhead Bowties batting - Pitching for Grafton Middies : RHP Paco Vélez
Batting: LHB Tony Martínez 0-0: Called Strike
0-1: Ball
1-1: Swinging Strike
1-2: Ball
2-2: Foul Ball, location: 2F
2-2: Ground out 4-3 (Groundball, 34)
Pitching: RHP Gene Anderson
Batting: RHB Gabriel Rodríguez 0-0: Called Strike
0-1: Ball
1-1: Ground out 4-3 (Groundball, 34)
Batting: RHB Aurelio Vázquez 0-0: Called Strike
0-1: Called Strike
0-2: Strikes out swinging
Top of the 7th over - 0 run(s), 0 hit(s), 0 error(s), 0 left on base; Buckhead 7 - Grafton 0
BOTTOM OF THE 7TH
Grafton Middies batting - Pitching for Buckhead Bowties : LHP Manuel Rojas
Batting: LHB Mathew Rose 0-0: Foul Ball, location: 2F
0-1: Ground out 5-3 (Groundball, 56)
Batting: RHB José Álvarez 0-0: Ball
1-0: Ball
2-0: Ball
3-0: Called Strike
3-1: Ground out 6-3 (Groundball, 6M)
Batting: RHB Justin Bingham 0-0: Called Strike
0-1: Called Strike
0-2: Ground out U3 (Groundball, 3L)
Bottom of the 7th over - 0 run(s), 0 hit(s), 0 error(s), 0 left on base; Buckhead 7 - Grafton 0
TOP OF THE 8TH
Buckhead Bowties batting - Pitching for Grafton Middies : RHP Gene Anderson
Batting: RHB Pedro Morales 0-0: Called Strike
0-1: Foul Ball, location: 2F
0-2: Ball
1-2: Ball
2-2: Ball
3-2: Base on Balls
Pinch Hitting: LHB Sinclair van Kooten 0-0: Sac Bunt - play at first, batter safe!
Pedro Morales to second
Pinch Hitting: LHB Kenneth Chapman 0-0: Called Strike
0-1: Sac Bunt - play at first, batter OUT! 1-3
Pedro Morales to third
Sinclair van Kooten to second
Batting: RHB Dave King 0-0: Ball
1-0: Called Strike
1-1: Foul Ball, location: 2F
1-2: SINGLE (Line Drive, 9S)
Pedro Morales scores
Sinclair van Kooten to third
Runner from 3rd tries for Home, SAFE, no throw or cutoff
Batting: LHB Neil Lawson 0-0: Ball
1-0: Called Strike
1-1: Fly out, F8 (Line Drive, 8RM)
Batting: RHB John Downing 0-0: Called Strike
0-1: Called Strike
0-2: Foul Ball, location: 2F
0-2: Ball
1-2: Ball
2-2: Foul Ball, location: 2F
2-2: Ground out 5-3 (Groundball, 5S)
Top of the 8th over - 2 run(s), 2 hit(s), 0 error(s), 1 left on base; Buckhead 9 - Grafton 0
BOTTOM OF THE 8TH
Grafton Middies batting - Pitching for Buckhead Bowties : LHP Manuel Rojas
Pitching: LHP Pedro Ortíz
Now at 2B: Shaun Bowles
Pinch Hitting: RHB Brent Barlow 0-0: Ground out 1-3 (Groundball, 15)
Batting: RHB Raúl Robles 0-0: Ball
1-0: Called Strike
1-1: Ball
2-1: Ball
3-1: Base on Balls
Batting: RHB Wes Bradley 0-0: Called Strike
0-1: Ball
1-1: Ball
2-1: Reached on error, E6 (Groundball, 6)
Raúl Robles to second
Batting: RHB Iván Vargas 0-0: Ball
1-0: Ball
2-0: Ball
3-0: Called Strike
3-1: Swinging Strike
3-2: Foul Ball, location: 2F
3-2: Grounds into double play, 6-4-3 (Groundball, 6)
Bottom of the 8th over - 0 run(s), 0 hit(s), 1 error(s), 1 left on base; Buckhead 9 - Grafton 0
TOP OF THE 9TH
Buckhead Bowties batting - Pitching for Grafton Middies : RHP Gene Anderson
Pitching: RHP Mark Simmons
Batting: LHB Tony Martínez 0-0: Fly out, F9 (Line Drive, 89S)
Batting: RHB Gabriel Rodríguez 0-0: Ball
1-0: Called Strike
1-1: Swinging Strike
1-2: Ball
2-2: SINGLE (Groundball, 56)
Batting: RHB Aurelio Vázquez 0-0: Ball
1-0: Called Strike
1-1: Ball
2-1: Called Strike
2-2: Foul Ball, location: 2F
2-2: Ball
3-2: Fly out, F8 (Flyball, 8RD)
Batting: RHB Pedro Morales 0-0: Ball
1-0: Fly out, F9 (Flyball, 9LMF)
Top of the 9th over - 0 run(s), 1 hit(s), 0 error(s), 1 left on base; Buckhead 9 - Grafton 0
BOTTOM OF THE 9TH
Grafton Middies batting - Pitching for Buckhead Bowties : LHP Pedro Ortíz
Batting: RHB Pedro Orozco 0-0: Ball
1-0: Ball
2-0: Called Strike
2-1: Ground out 6-3 (Groundball, 6)
Batting: RHB Nam-sup Yi 0-0: Ball
1-0: Swinging Strike
1-1: Reached on Error, E3 (Popup, 3L)
Batting: LHB Mathew Rose 0-0: Ball
Passed Ball!
Nam-sup Yi to second
1-0: Called Strike
1-1: Ball
2-1: SINGLE (Line Drive, 34)
Nam-sup Yi to third
Runner from 3rd tries for Home, SAFE, throw made home
Batting: RHB José Álvarez 0-0: Ball
1-0: Foul Ball, location: 2F
1-1: Ball
2-1: Called Strike
2-2: Ball
3-2: Foul Ball, location: 2F
3-2: Strikes out swinging
Batting: RHB Justin Bingham 0-0: Ball
1-0: Ball
2-0: Ball
3-0: Called Strike
3-1: Foul Ball, location: 2F
3-2: SINGLE (Flyball, 7S)
Mathew Rose to second
Mathew Rose to third
Pinch Hitting: RHB Mal Bussard 0-0: Called Strike
0-1: Ball
1-1: Ball
2-1: Foul Ball, location: 2F
2-2: Foul Ball, location: 2F
2-2: Ball
3-2: Base on Balls
Justin Bingham to second
Batting: RHB Raúl Robles 0-0: Ball
1-0: Ball
2-0: Ball
3-0: Called Strike
3-1: Fielders Choice at 2nd, U6 (Groundball, 6M)
Bottom of the 9th over - 1 run(s), 2 hit(s), 1 error(s), 3 left on base; Buckhead 9 - Grafton 1
This league is powered by Out of the Park Baseball, the baseball management simulation game for PC, Mac and Linux
Friday, October 23rd, 2015 - OOTP Baseball 16.9 Build 39